 Dungeon Crawl Stone Soup version 0.30-a0-728-gc68057be0a (webtiles) character file.

Game seed: 7407801966357165458

3502 Hubris850 the Cleaver (level 10, -1/81 HPs)
             Began as a Hill Orc Fighter on Jan 30, 2023.
             Was an Initiate of Makhleb.
             Slain by an orange demon (10 damage)
             ... led by Amaemon
             ... on level 8 of the Dungeon.
             The game lasted 00:16:01 (5761 turns).

Hubris850 the Cleaver (Hill Orc Fighter)            Turns: 5761, Time: 00:16:01

Health: -1/81      AC: 17    Str: 24    XL:     10   Next: 7%
Magic:  12/13      EV:  7    Int:  8    God:    Makhleb [......]
Gold:   459        SH:  7    Dex: 16    Spells: 9/9 levels left

rFire   . . .      SeeInvis +    x - +1 war axe (heavy)
rCold   + . .      Faith    .    c - +2 buckler
rNeg    . . .      Spirit   .    m - +0 chain mail
rPois   .          Reflect  .    q - +0 helmet
rElec   .          Harm     .    u - +1 cloak of Scuffed Leaves {rC+}
rCorr   .          Rampage  .    D - +2 pair of gloves
Will    .....                    j - +0 pair of boots Stlth
                                 p - amulet of regeneration
HPRegen 1.13/turn                g - +6 ring of dexterity
MPRegen 0.13/turn                s - ring of see invisible

@: weakened, on berserk cooldown, slowed, very slow
A: no striking features
a: Renounce Religion


You were on level 8 of the Dungeon.
You worshipped Makhleb.
Makhleb was noncommittal.
You visited 2 branches of the dungeon, and saw 9 of its levels.
You also visited: Sewer.

You collected 459 gold pieces.

Inventory:

Hand Weapons
 a - a +0 vampiric war axe
 h - a +0 sling
 x - a +1 heavy war axe (weapon)
Missiles
 v - 18 poisoned darts (quivered)
 E - 2 curare-tipped darts
 F - 3 javelins
 G - 6 atropa-tipped darts
 I - 5 boomerangs
Armour
 b - a +0 scale mail
 c - a +2 buckler (worn)
 i - a +0 pair of gloves
 j - a +0 pair of boots (worn)
 m - a +0 chain mail (worn)
 q - a +0 helmet (worn)
 u - the +1 cloak of Scuffed Leaves (worn) {rC+}
   (You acquired it on level 5 of the Dungeon)

   rC:        It protects you from cold.
 D - a +2 pair of gloves (worn)
Jewellery
 g - a +6 ring of dexterity (left hand)
 o - a ring of flight
 p - an amulet of regeneration (around neck)
 r - an amulet of reflection
 s - a ring of see invisible (right hand)
 z - an amulet of guardian spirit
Wands
 A - a wand of charming (11)
 M - a wand of flame (19)
Scrolls
 w - 5 scrolls of teleportation
 y - a scroll of blinking
 H - a scroll of enchant armour
 K - a scroll of brand weapon
 L - a scroll of identify
Potions
 d - 2 potions of might
 e - a potion of experience {unknown}
 f - a potion of berserk rage
 k - 2 potions of haste {unknown}
 n - a potion of attraction {unknown}
 t - 2 potions of flight
 B - a potion of magic {unknown}
 C - a potion of heal wounds {unknown}
 J - a potion of ambrosia {unknown}


   Skills:
 - Level 5.0 Fighting
 + Level 14.7 Axes
 + Level 4.1 Throwing
 - Level 5.0 Armour
 - Level 5.0 Shields
 + Level 4.5 Invocations


You had 9 spell levels left.
You didn't know any spells.
Your spell library contained the following spells:

 Spells                   Type           Power      Damage    Failure   Level
 Slow                     Hex            0%         N/A       98%         1
 Scorch                   Fire           0%         2d5       99%         2
 Confusing Touch          Hex            0%         N/A       100%        3
 Ignite Poison            Fire/Tmut/Pois 0%         N/A       100%        3
 Kindle Blastsparks       Fire/Tloc/Air  0%         2d10      100%        3
 Vampiric Draining        Necr           0%         2d6       100%        3
 Animate Dead             Necr           0%         N/A       100%        4
 Flame Wave               Conj/Fire      0%         2d4       100%        4
 Petrify                  Tmut/Erth      0%         N/A       100%        4
 Borgnjor's Vile Clutch   Necr/Erth      0%         N/A       100%        5
 Fireball                 Conj/Fire      0%         3d3       100%        5
 Freezing Cloud           Conj/Ice/Air   0%         6-21      100%        5
 Iskenderun's Battlesphe  Conj           0%         2d6       100%        5
 Metabolic Englaciation   Hex/Ice        0%         N/A       100%        5
 Conjure Ball Lightning   Conj/Air       0%         3x3d6     100%        6
 Death Channel            Necr           0%         N/A       100%        6
 Statue Form              Tmut/Erth      0%         N/A       100%        6
 Summon Cactus Giant      Summ           0%         N/A       100%        6
 Orb of Destruction       Conj           0%         9d5       100%        7


Dungeon Overview and Level Annotations

Branches:
Dungeon (8/15)             Temple (1/1) D:7           Sewer (visited)
   Lair: D:8-11

Altars:
Ashenzari
Cheibriados
Dithmenos
Elyvilon
Fedhas
Gozag
Hepliaklqana
Kikubaaqudgha
Makhleb
Nemelex Xobeh
Okawaru
Qazlal
Ru
Sif Muna
Trog
Uskayaw
Vehumet
Xom
Yredelemnul
Zin
The Shining One

Shops:
D:4 ?(:[

Annotations:
D:5 1 runed translucent door, mandoloar's ghost, novice GnFi


Message History

The orange demon hits you but does no damage.
Things that are here:
a -1 demon whip of venom; the demonspawn corpse of Amaemon You hit the orange demon.
The orange demon is lightly wounded.
You block the orange demon's attack.
The orange demon hits you but does no damage.
The orange demon stings you but does no damage.
The orange demon hits you but does no damage.
You hit the orange demon but do no damage.
The orange demon is lightly wounded.
The orange demon no longer looks unusually toxic.
The orange demon stings you.
* * * LOW HITPOINT WARNING * * *
The orange demon hits you.
* * * LOW HITPOINT WARNING * * *
The orange demon stings you but does no damage.
You block the orange demon's attack.
You barely miss the orange demon.
The orange demon is lightly wounded.
The orange demon stings you.
* * * LOW HITPOINT WARNING * * *
The orange demon hits you but does no damage.
You slash the orange demon!
The orange demon is lightly wounded.
The orange demon stings you!
* * * LOW HITPOINT WARNING * * *
You are lethally poisoned!
The orange demon poisons you! The orange demon hits you.
* * * LOW HITPOINT WARNING * * *
You feel your attacks grow feeble.
The orange demon stings you but does no damage.
The orange demon hits you but does no damage.
Unknown command.
Unknown command.
Unknown command.
You feel better.
The orange demon stings you but does no damage.
The orange demon barely misses you. The orange demon stings you!
You die...

##.# ###...# #.
##.....### ...
........ #.# ......#
#.. #.# #.....#
#..##.#######4...)#
#..##.#.<....@..#
###..##.#.#####.###
..........# #.#
##..##.#######.###?#
#..#†..#..........#
####........####.###.#
...>..#...### #.#
..[...##.#######.###.#
##...................#


You could see an orange demon.

Vanquished Creatures
  Amaemon (D:8)
  3 water moccasins
  An ice beast (D:6)
  A black bear (D:8)
  3 sky beasts
  A hornet zombie (D:6)
  3 ogres
  2 centaurs
  3 phantoms (D:6)
  2 kobold brigands
  2 necrophages
  A bullfrog (D:7)
  A scorpion (D:6)
  2 water moccasin zombies (D:6)
  A wyvern skeleton (D:6)
  4 wights (D:4)
  2 bullfrog zombies (D:6)
  3 hounds
  An orc priest (D:4)
  A bullfrog skeleton (D:6)
  A centaur skeleton (D:6)
  An iguana (D:4)
  7 orc wizards
  2 killer bee zombies (D:6)
  A howler monkey zombie (D:6)
  Robin (D:2)
  6 adders
  A river rat (D:6)
  A white imp (D:6)
  An ufetubus (D:6)
  2 worms
  3 dart slugs
  16 orcs
  10 bats
  12 endoplasms
  5 giant cockroaches
  17 goblins
  9 hobgoblins
  2 quokkas
  7 ball pythons
  3 frilled lizards
  14 kobolds
  17 rats
177 creatures vanquished.

Vanquished Creatures (others)
  3 withered plants (D:6)
3 creatures vanquished.

Grand Total: 180 creatures vanquished

Notes
Turn   | Place    | Note
-------+----------+-------------------------------------------
     0 | D:1      | Hubris850 the Hill Orc Fighter began the quest for the Orb.
     0 | D:1      | Reached XP level 1. HP: 19/19 MP: 1/1
   113 | D:1      | Reached skill level 3 in Axes
   113 | D:1      | Reached XP level 2. HP: 25/27 MP: 2/2
   237 | D:1      | Reached XP level 3. HP: 27/33 MP: 3/3
   732 | D:2      | Noticed Robin
   857 | D:2      | Killed Robin
   858 | D:2      | Reached XP level 4. HP: 40/40 MP: 4/4
  1565 | D:2      | Found Pigaklar's Weapon Shoppe.
  1764 | D:3      | Found a shimmering blue altar of Sif Muna.
  1781 | D:3      | Found a large runed translucent door.
  1787 | D:3      | Found a large runed translucent door.
  1799 | D:3      | Found a glowing silver altar of Zin.
  1800 | D:3      | Found an iron altar of Okawaru.
  1851 | D:3      | You fall into a shaft and drop 1 floor!
  1875 | D:4      | Found Bihuec's Antique Armour Shop.
  2327 | D:3      | Reached XP level 5. HP: 47/47 MP: 5/5
  2331 | D:3      | Found a basalt altar of Yredelemnul.
  2344 | D:3      | Reached skill level 4 in Axes
  2694 | D:4      | Found Attoph Qoeq's Antique Weapon Boutique.
  2798 | D:4      | Found Faucy's Magic Scroll Boutique.
  2810 | D:4      | Reached skill level 5 in Fighting
  2810 | D:4      | Reached XP level 6. HP: 39/56 MP: 6/6
  2813 | D:4      | Reached skill level 5 in Axes
  2813 | D:4      | Reached skill level 5 in Armour
  2813 | D:4      | Reached skill level 5 in Shields
  2898 | D:4      | Found Yseuwoic's Book Boutique.
  3000 | D:4      | Reached skill level 6 in Axes
  3000 | D:4      | Reached XP level 7. HP: 61/61 MP: 7/7
  3175 | D:4      | Reached skill level 7 in Axes
  3311 | D:5      | Entered Level 5 of the Dungeon
  3312 | D:5      | Identified a scroll of acquirement
  3312 | D:5      | Acquired the +1 cloak of Scuffed Leaves {rC+}
  3410 | D:5      | Found a runed translucent door.
  3414 | D:5      | Noticed mandoloar's ghost (novice GnFi)
  3454 | D:5      | Reached skill level 8 in Axes
  3495 | D:5      | Found a bloodstained altar of Trog.
  3739 | D:5      | Found a glowing golden altar of the Shining One.
  3831 | D:6      | Reached skill level 9 in Axes
  3839 | D:6      | Reached XP level 8. HP: 62/68 MP: 8/8
  3841 | D:6      | Reached skill level 10 in Axes
  3909 | D:6      | Reached skill level 11 in Axes
  3953 | D:6      | Reached skill level 12 in Axes
  3957 | D:6      | Reached XP level 9. HP: 31/74 MP: 9/9
  4006 | D:6      | Reached skill level 13 in Axes
  4200 | D:6      | Found a glowing drain.
  4214 | Sewer    | Entered a sewer
  4327 | D:6      | Reached skill level 1 in Throwing
  4590 | D:7      | Reached skill level 14 in Axes
  4652 | D:7      | Found a staircase to the Ecumenical Temple.
  4660 | Temple   | Entered the Ecumenical Temple
  4766 | Temple   | Became a worshipper of Makhleb the Destroyer
  4815 | D:7      | Reached skill level 1 in Invocations
  5165 | D:7      | Found a stormy altar of Qazlal.
  5467 | D:7      | Found a hide-covered altar of Uskayaw.
  5719 | D:8      | Identified the +0 leather armour of the Doldrums {Str+4}
  5739 | D:8      | Noticed an orange demon
  5740 | D:8      | Noticed Amaemon
  5754 | D:8      | Killed Amaemon
  5755 | D:8      | Reached XP level 10. HP: 11/81 MP: 11/13
  5760 | D:8      | HP: 1/81 [orange demon[Amaemon] (6)]
  5761 | D:8      | Slain by an orange demon

Illustrated notes

Levels and vault maps discovered:
D:1:      onia_arrival_mini_spirals, layout_basic, minmay_rat_gold_closets
D:2:      layout_loops_corners, serial_shops, nicolae_diamond_shop, uniq_robin
D:3:      layout_loops_cross, mainiacjoe_overflow_tiny_flanked,
          jmf_multi_god_temple2, mainiacjoe_overflow_paths,
          minmay_increasing_density
D:4:      layout_gridville, serial_shops, nicolae_shop_crystal,
          nicolae_shop_advertising_works [nicolae_subvault_shop_adworks], shop,
          shop
D:5:      layout_rooms, nicolae_overflow_crystal_walls, tso_altar,
          ebering_ghost_reflecting_pool, serial_park_tiny_2
D:6:      layout_basic, serial_undead, serial_undead_b, serial_undead_f,
          serial_undead_d, serial_undead_a, serial_undead_b, serial_undead_b,
          portal_sewer_entry_a
D:7:      layout_layer_cave, nicolae_qazlal_general_emergency,
          nicolae_uskayaw_suspiria, minmay_temple_entry_ruins,
          chequers_serial_rivers_room_b
D:8:      layout_loops_ring, david_lair_shrubbed, uniq_joseph, uniq_maggie,
          uniq_amaemon
Temple:   compressed_dpeg_triangle_lava_temple

Skill      XL: |  1  2  3  4  5  6  7  8  9 |
---------------+----------------------------+-----
Axes           | 3 4 6 9 12 14 | 14.7
Fighting       | 4 5 |  5.0
Shields        | 4 5 |  5.0
Armour         | 4 5 |  5.0
Throwing       | 4 |  4.1
Invocations    | 4 |  4.5

Action                     |  1- 3 |  4- 6 |  7- 9 | 10-12 || total
---------------------------+-------+-------+-------+-------++-------
  Melee: War axe           |    85 |   121 |   193 |     4 ||   403
  Throw: Dart              |       |     5 |     4 |       ||     9
    Use: Scroll            |     1 |     6 |     6 |       ||    13
         Potion            |       |       |     1 |     2 ||     3
 Armour: Scale mail        |    18 |       |       |       ||    18
         Chain mail        |    21 |    82 |   143 |    10 ||   256
  Dodge: Dodged            |    36 |    40 |    92 |     1 ||   169
  Block: Buckler           |    15 |    44 |    71 |     3 ||   133

Table legend: (Time is in decaauts)
 A = Elapsed time spent in this place.
 B = Non-inter-level travel time spent in this place.
 C = Inter-level travel time spent in this place.
 D = Time resting spent in this place.
 E = Time spent auto-exploring this place.
 F = Levels seen in this place.
 G = Mean time per level.
                   A        B        C        D        E       F      G
               +--------+--------+--------+--------+--------+-----+--------+
         Total |   5947 |   5736 |    211 |    178 |   3954 |  10 |  594.7 |
       Dungeon |   5742 |   5537 |    205 |    178 |   3913 |   8 |  717.8 |
        Temple |    112 |    106 |      6 |      0 |      0 |   1 |  112.0 |
         Sewer |     93 |     93 |      0 |      0 |     41 |   1 |   93.0 |
               +--------+--------+--------+--------+--------+-----+--------+

Top non-repeatable levels by time:
     D:7: 1029 daAuts
     D:2: 986 daAuts
     D:4: 880 daAuts
     D:3: 821 daAuts
     D:1: 738 daAuts
     D:6: 710 daAuts
     D:5: 515 daAuts
  Temple: 112 daAuts
   Sewer: 93 daAuts
     D:8: 59 daAuts
